 Dungeon Crawl Stone Soup version 0.27-a0-1189-gb8eb6cee8e (webtiles) character file.

Game seed: 8959356582741036940

52 1player the Changer (level 3, 0/26 HPs)
             Began as a Merfolk Transmuter on May 22, 2021.
             Succumbed to a scorpion's poison
             ... on level 2 of the Dungeon.
             The game lasted 00:04:01 (2057 turns).

1player the Changer (Merfolk Transmuter)            Turns: 2057, Time: 00:04:02

Health: 0/26       AC:  2    Str: 10    XL:     3   Next: 85%
Magic:  1/6        EV: 20    Int: 13    God:
Gold:   94         SH:  0    Dex: 19    Spells: 0/6 levels left

rFire    . . .     SeeInvis .     - Unarmed
rCold    . . .     Faith    .   (shield currently unavailable)
rNeg     . . .     Spirit   .   (armour currently unavailable)
rPois    x         Reflect  .   (helmet currently unavailable)
rElec    .         Harm     .   (cloak currently unavailable)
rCorr    .         Rampage  .   (gloves currently unavailable)
Will     .....                  (boots currently unavailable)
Stlth    ++........             (no amulet)
HPRegen  0.08/turn              (no ring)
MPRegen  0.10/turn              (no ring)

@: lethally poisoned (0 -> -1), spider-form, flying, very slightly contaminated
A: venomous fangs, tiny, (nimble swimmer 2), (mertail)
a: End Transformation


You were on level 2 of the Dungeon.
You were a venomous arachnid creature.
You visited 1 branch of the dungeon, and saw 2 of its levels.

You collected 94 gold pieces.

Inventory:

Armour
 a - a +0 robe (melded)
Scrolls
 b - a scroll of noise
 c - a scroll of immolation {unknown}
 d - a scroll of enchant weapon {unknown}
 f - a scroll of identify {unknown}


   Skills:
 - Level 1.1 Fighting
 - Level 2.6 Dodging
 - Level 3.2 Unarmed Combat
 - Level 2.0 Spellcasting
 * Level 4.2 Transmutations
 * Level 2.4 Poison Magic


You couldn't memorise any spells.
You knew the following spells:

 Your Spells              Type           Power      Damage    Failure   Level
a - Beastly Appendage     Tmut           24%        N/A       13%         1
s - Wereblood             Tmut           12%        N/A       19%         2
z - Spider Form           Tmut/Pois      5%         N/A       38%         3

Your spell library contained the following spells:

 Spells                   Type           Power      Damage    Failure   Level
 Ice Form                 Ice/Tmut       6%         N/A       87%         4
 Hydra Form               Tmut           6%         N/A       90%         5


Dungeon Overview and Level Annotations

Branches:
Dungeon (2/15)

Altars:


Innate Abilities, Weirdness & Mutations

You are a venomous arachnid creature.
You have poisonous fangs.
You are tiny and dextrous.
Your spellcasting is less reliable in this form.
Your armour is entirely melded.
You are incapable of wielding weapons or throwing items.
((You are quick and stealthy near water. (Stealth+, EV+, Speed+++)))
((Your lower body shifts to a powerful aquatic tail in water.))


Message History

There is a stone staircase leading up here.
Unknown command.
Things that are here:
a +0 short sword; 4 stones Your horns disappear.
A scorpion comes into view.
Casting: Beastly Appendage (safe; 4% risk of failure)
Confirm with . or Enter, or press ? or * to list all spells.
The spell is quite dangerous to cast (19% risk of failure)!
Continue anyway?
You miscast Spider Form.
You are very lightly contaminated with residual magic.
Nothing appears to happen.
The scorpion stings you.
You are poisoned.
The scorpion poisons you! The scorpion barely misses you.
You feel very sick.
You feel very sick.
Unknown command.
Casting: Spider Form (quite dangerous; 19% risk of failure)
Confirm with . or Enter, or press ? or * to list all spells.
The spell is quite dangerous to cast (19% risk of failure)!
Continue anyway?
You turn into a venomous arachnid creature.
Your +0 robe melds into your body.
You feel sick. The scorpion stings you.
You hit the scorpion but do no damage.
The scorpion is poisoned.
You feel sick. The scorpion stings you!
* * * LOW HITPOINT WARNING * * *
You hit the scorpion.
The scorpion is lightly wounded.
* * * LOW HITPOINT WARNING * * *
You feel sick. The scorpion closely misses you.
* * * LOW HITPOINT WARNING * * *
You feel sick. The scorpion closely misses you.
* * * LOW HITPOINT WARNING * * *
You feel sick.
It was a potion of flight.
You feel very buoyant.
You fly up into the air.
* * * LOW HITPOINT WARNING * * *
You feel sick.
The scorpion stings you but does no damage.
You die...

.######..#
......#..####.#
#............#
#..# #..# #..#
###s.###
#......#
#.#s.#.#
#)#..#.# #<#).#
# #.#..# #.#..#
#.#..# ###..#
...#


You could see a scorpion (very poisoned).

Vanquished Creatures
  3 dart slugs (D:1)
  6 ball pythons (D:1)
  5 endoplasms (D:1)
  A goblin (D:1)
  3 hobgoblins (D:1)
  11 jackals (D:1)
  3 bats (D:1)
  2 frilled lizards (D:1)
  2 kobolds
  4 rats (D:1)
40 creatures vanquished.

Notes
Turn   | Place    | Note
-------+----------+-------------------------------------------
     0 | D:1      | 1player the Merfolk Transmuter began the quest for the Orb.
     0 | D:1      | Reached XP level 1. HP: 15/15 MP: 3/3
    82 | D:1      | Reached skill level 3 in Transmutations
    85 | D:1      | Reached skill level 1 in Poison Magic
   131 | D:1      | Reached XP level 2. HP: 21/21 MP: 3/5
   781 | D:1      | Reached XP level 3. HP: 14/26 MP: 6/6
   925 | D:1      | Learned a level 2 spell: Wereblood
   929 | D:1      | Learned a level 3 spell: Spider Form
  1259 | D:1      | Found a faded altar of an unknown god.
  1304 | D:1      | Reached skill level 4 in Transmutations
  2047 | D:2      | Noticed a scorpion
  2056 | D:2      | HP: 1/26 [poisoned by a scorpion]
  2057 | D:2      | Succumbed to a scorpion's poison

Illustrated notes

Levels and vault maps discovered:
D:1:      lemuel_arrival_lava_pool, layout_basic, basic_ecumenical_altar
D:2:      layout_basic

Skill      XL: |  1  2  3 |
---------------+----------+-----
Transmutations | 3 4 |  4.2
Poison Magic   | 1 2 |  2.4
Fighting       | |  1.1
Dodging        | |  2.6
Unarmed Combat | |  3.2
Spellcasting   | |  2.0

Action                   || total
-------------------------++-------
Melee: Unarmed           ||   118
       Headbutt          ||    12
       Punch             ||     5
 Cast: Beastly Appendage ||    18
       Spider Form       ||     2
       Wereblood         ||     2
  Use: Scroll            ||     1
       Potion            ||     1
Armor: Robe              ||    24
       Skin              ||     1
Dodge: Dodged            ||    97

Table legend: (Time is in decaauts)
 A = Elapsed time spent in this place.
 B = Non-inter-level travel time spent in this place.
 C = Inter-level travel time spent in this place.
 D = Time resting spent in this place.
 E = Time spent auto-exploring this place.
 F = Levels seen in this place.
 G = Mean time per level.
                   A        B        C        D        E       F      G
               +--------+--------+--------+--------+--------+-----+--------+
         Total |   2049 |   2007 |     42 |    887 |    710 |   2 | 1024.5 |
       Dungeon |   2049 |   2007 |     42 |    887 |    710 |   2 | 1024.5 |
               +--------+--------+--------+--------+--------+-----+--------+

Top non-repeatable levels by time:
     D:1: 2019 daAuts
     D:2: 29 daAuts
